 Dungeon Crawl Stone Soup version 0.32-a0-30-gefbe487952 (webtiles) character file.

Game seed: 7903421281221517763

20120 mopl the Carver (level 12, -1/95 HPs)
             Began as a Merfolk Fighter on Jan 19, 2024.
             Was a High Priest of Okawaru.
             Slain by a cane toad (13 damage)
             ... on level 2 of the Lair of Beasts.
             The game lasted 00:25:37 (17048 turns).

mopl the Carver (Merfolk Fighter)                  Turns: 17048, Time: 00:25:37

Health: -1/95      AC: 13    Str: 23    XL:     12   Next: 76%
Magic:  17/17      EV: 15    Int:  9    God:    Okawaru [*****.]
Gold:   865        SH:  0    Dex: 13    Spells: 11/11 levels left

rFire   . . .        a - +3 great sword (freeze)
rCold   . . .        (shield currently unavailable)
rNeg    . . .        R - +0 acid dragon scales
rPois   +            (no helmet)
rElec   .            i - +0 cloak
rCorr   +            Y - +0 pair of gloves {Str+3}
SInv    .            F - +2 pair of boots {rampage}
Will    +....        (no amulet)
Stlth   +            H - ring of willpower
HPRegen 0.35/turn    K - ring of poison resistance
MPRegen 0.15/turn

%: rampage
@: no status effects
A: (nimble swimmer 2), mertail
a: Renounce Religion, Heroism, Finesse, Duel


You were on level 2 of the Lair of Beasts.
You worshipped Okawaru.
Okawaru was extremely pleased with you.
You visited 3 branches of the dungeon, and saw 14 of its levels.
You also visited: Sewer and Ossuary.

You collected 1112 gold pieces.
You spent 247 gold pieces at shops.

Inventory:

Hand Weapons
 a - a +3 great sword of freezing (weapon)
 b - a +2 dagger of venom
 C - a +1 hand axe of flaming
 D - a +1 dagger of electrocution
Missiles
 o - a javelin
 p - 3 boomerangs
 s - 24 poisoned darts (quivered)
 u - 4 curare-tipped darts
Armour
 i - a +0 cloak (worn)
 F - a +2 pair of boots of rampaging (worn)
 R - +0 acid dragon scales (worn)
 Y - a +0 pair of gloves of strength (worn)
Jewellery
 g - a ring of flight
 A - a ring of see invisible
 H - a ring of willpower (left hand)
 K - a ring of poison resistance (right hand)
 U - the amulet of Elemental Vulnerability {rPois rF-- rC-- AC+8}
   (You found it on level 11 of the Dungeon)

   [amulet of nothing]

   AC+8:      It affects your AC (+8).
   rF--:      It makes you very vulnerable to fire.
   rC--:      It makes you very vulnerable to cold.
   rPois:     It protects you from poison
Wands
 Q - a wand of flame (20)
 V - a wand of quicksilver (8)
Scrolls
 j - 6 scrolls of teleportation {unknown}
 k - 3 scrolls of enchant weapon {unknown}
 l - 8 scrolls of fear {unknown}
 m - 2 scrolls of vulnerability {unknown}
 n - a scroll of summoning {unknown}
 r - a scroll of blinking
 t - 3 scrolls of fog {unknown}
 w - a scroll of acquirement {unknown}
 x - 2 scrolls of torment {unknown}
 y - 4 scrolls of enchant armour {unknown}
 z - 3 scrolls of noise {unknown}
 B - a scroll of immolation {unknown}
 E - 3 scrolls of amnesia {unknown}
 P - a scroll of poison
 S - 2 scrolls of revelation
Potions
 c - 2 potions of heal wounds
 d - 2 potions of might
 e - 2 potions of magic
 f - 3 potions of lignification {!q}
 h - 5 potions of curing
 q - a potion of resistance
 v - 4 potions of brilliance
 G - 2 potions of enlightenment
 I - a potion of invisibility
 L - 2 potions of attraction
 M - a potion of ambrosia
 N - 2 potions of cancellation
 O - 5 potions of haste


   Skills:
 + Level 9.3 Fighting
 * Level 13.3 Long Blades
 + Level 7.4 Throwing
 + Level 6.3 Armour
 + Level 9.9 Dodging
 - Level 3.0 Shields
 + Level 6.9 Invocations
 + Level 6.2 Evocations


You had 11 spell levels left.
You didn't know any spells.
Your spell library contained the following spells:

 Spells                   Type           Power      Damage    Failure   Level
 Ozocubu's Refrigeration  Ice            0%         4d7       100%        7
 Polar Vortex             Ice            0%         N/A       100%        9
 Sculpt Simulacrum        Ice/Alch       Unusable   N/A       N/A         6

Dungeon Overview and Level Annotations

Branches:
Dungeon (11/15)            Temple (1/1) D:6            Lair (2/5) D:10
  Swamp (0/4) Lair:2          Orc (0/2) D:10          Sewer (visited)
Ossuary (visited)
  Snake: Lair:2-3    Spider: Lair:2-3

Altars:
Ashenzari
Cheibriados
Dithmenos
Elyvilon
Fedhas
Gozag
Hepliaklqana
Kikubaaqudgha
Makhleb
Nemelex Xobeh
Okawaru
Qazlal
Ru
Sif Muna
Trog
Uskayaw
Vehumet
Wu Jian
Xom
Yredelemnul
Zin
The Shining One

Shops:
D:11 [

Portals:
Abyss: D:4

Annotations:
D:4 2 transporters, SoakedWettersCrisps's ghost, novice OnCA
D:5 dig


Innate Abilities, Weirdness & Mutations

((You are very nimble when in or above water. (Stealth+, EV+, Speed+++)))
Your lower body shifts to a powerful aquatic tail in water.


Message History

You continue taking off the amulet of Elemental Vulnerability {rPois rF-- rC-- AC+8}.
The ice encasing you melts away. The rime drake breathes ice at you.
The icy flash freeze hits you!
You feel a painful chill!
You are encased in ice.
The cane toad stings you!
* * * LOW HITPOINT WARNING * * *
The rime drake bites you but does no damage.
You finish taking off the amulet of Elemental Vulnerability {rPois rF-- rC-- AC+8}.
You slash the rime drake! You freeze the rime drake.
The rime drake is severely wounded.
The cane toad stings you.
* * * LOW HITPOINT WARNING * * *
The rime drake misses you.
Unknown command.
You hit the rime drake.
The rime drake is severely wounded.
The ice encasing you melts away. The cane toad closely misses you.
The rime drake closely misses you.
Unknown command.
You hit the rime drake but do no damage.
The rime drake is severely wounded.
The cane toad barely misses you.
The rime drake bites you but does no damage.
Unknown command.
You slice the rime drake!! You freeze the rime drake.
You kill the rime drake!
Okawaru accepts your kill. Okawaru grants you throwing weapons!
Something appears at your feet! The cane toad barely misses you.
The cane toad stings you!
* * * LOW HITPOINT WARNING * * *
The cane toad barely misses you.
You completely miss the cane toad.
The cane toad stings you but does no damage.
You slice the cane toad!!
The cane toad seems to slow down.
You freeze the cane toad.
The cane toad is severely wounded.
The cane toad stings you!
You die...

......... .... .......>.
..... ........ ...#
......###...###
####.)..#P.....P#
...........##..P# ###
.......F...#...######.##
.......@(..............#
.......................#
........................
........................
...........##.P##)P.....
##..#...##.#...###..##†#
...#......###.######....
.......>..#P..#.####.P.P
.....................#


You could see a cane toad (slow).

Vanquished Creatures
  A boulder beetle (Lair:1)
  A centaur warrior (D:9)
  A two-headed ogre (D:10)
  A skyshark (Lair:1)
  2 spriggan druids (Lair:1)
  Pikel (D:7)
  A harpy (shapeshifter) (D:9)
  3 ugly things
  2 manticores
  A guardian serpent (shapeshifter) (D:9)
  A gargoyle (D:11)
  Maggie (D:7)
  4 cane toads
  2 komodo dragons
  A rime drake (Lair:2)
  3 trolls
  A hornet (D:9)
  8 yaks (Lair:1)
  2 wyverns
  A basilisk (Lair:1)
  Menkaure (D:7)
  5 acid dragons
  13 water moccasins
  Duvessa (D:7)
  3 ice beasts
  6 orc warriors
  3 black bears
  An ogre (D:6)
  10 wolves
  3 lemures (D:7)
  6 centaurs
  9 kobold brigands
  Blork the orc (D:6)
  9 bullfrogs
  A gnoll sergeant (D:8)
  13 wights
  Dowan (D:6)
  4 electric eels (Lair:1)
  A bombardier beetle (D:6)
  5 howler monkeys
  A crimson imp (D:7)
  5 hounds
  2 lava snakes (Lair:1)
  3 gnoll boudas
  2 jellies
  7 orc priests
  A sleepcap (D:8)
  3 iguanas
  6 orc wizards
  5 hell rats (Lair:1)
  4 scorpion zombies (D:6)
  8 mummies (Ossuary)
  16 gnolls
  A howler monkey skeleton (D:6)
  19 adders
  A shadow imp (D:7)
  A white imp (D:7)
  2 ufetubi (D:3)
  3 dart slugs
  4 ribbon worms
  32 orcs
  12 endoplasms
  6 giant cockroaches
  2 gnoll zombies (Ossuary)
  6 goblins
  9 hobgoblins
  3 jackals (D:1)
  A quokka (D:3)
  8 ball pythons
  6 bats
  2 frilled lizards
  2 hobgoblin zombies (Ossuary)
  24 kobolds
  4 kobold zombies (Ossuary)
  15 rats
  A butterfly (D:10)
361 creatures vanquished.

Vanquished Creatures (others)
  An orc wizard (D:7)
1 creature vanquished.

Grand Total: 362 creatures vanquished

Notes
Turn   | Place    | Note
-------+----------+-------------------------------------------
     0 | D:1      | mopl the Merfolk Fighter began the quest for the Orb.
     0 | D:1      | Reached XP level 1. HP: 18/18 MP: 1/1
   181 | D:1      | Reached XP level 2. HP: 17/24 MP: 2/2
   213 | D:1      | Reached skill level 3 in Long Blades
   213 | D:1      | Reached skill level 1 in Dodging
   388 | D:1      | Reached XP level 3. HP: 24/29 MP: 3/3
  1102 | D:2      | Reached XP level 4. HP: 37/37 MP: 4/4
  1110 | D:2      | Reached skill level 2 in Dodging
  1414 | D:2      | Reached skill level 4 in Long Blades
  1828 | D:3      | Found a glowing drain.
  1866 | Sewer    | Entered a sewer
  1885 | Sewer    | Noticed a kobold brigand
  1899 | Sewer    | Killed a kobold brigand
  1900 | Sewer    | Reached skill level 4 in Fighting
  1900 | Sewer    | Reached XP level 5. HP: 35/42 MP: 5/5
  1957 | Sewer    | Noticed a kobold brigand
  1957 | Sewer    | Noticed a kobold brigand
  1974 | Sewer    | Killed a kobold brigand
  1975 | Sewer    | Reached skill level 5 in Long Blades
  1975 | Sewer    | Reached skill level 3 in Dodging
  1975 | Sewer    | Reached XP level 6. HP: 36/49 MP: 6/6
  2000 | Sewer    | Reached skill level 1 in Throwing
  2000 | Sewer    | Reached skill level 3 in Armour
  2455 | Sewer    | Reached XP level 7. HP: 55/55 MP: 7/7
  2530 | Sewer    | Reached skill level 6 in Long Blades
  2589 | Sewer    | Reached skill level 4 in Dodging
  2659 | D:3      | You fall into a shaft and drop 2 floors!
  2659 | D:5      | Entered Level 5 of the Dungeon
  2671 | D:5      | Reached skill level 2 in Throwing
  2759 | D:5      | Found a blossoming altar of Fedhas.
  2762 | D:5      | Found a bloodstained altar of Trog.
  2925 | D:4      | Found a burning altar of Makhleb.
  2950 | D:4      | Reached skill level 5 in Fighting
  3298 | D:4      | Found a transporter.
  3366 | D:4      | Noticed a small abomination
  3378 | D:4      | Found a transporter.
  3793 | D:3      | Found a faded altar of an unknown god.
  4301 | D:4      | Reached XP level 8. HP: 61/62 MP: 8/8
  4449 | D:4      | Found a one-way gate to the infinite horrors of the Abyss.
  4449 | D:4      | Noticed SoakedWettersCrisps's ghost (novice OnCA)
  4449 | D:4      | Noticed a small abomination
  5053 | D:5      | Found a glowing silver altar of Zin.
  5175 | D:5      | Reached skill level 7 in Long Blades
  5487 | D:6      | Noticed Blork the orc
  5503 | D:6      | Killed Blork the orc
  5507 | D:6      | Found a staircase to the Ecumenical Temple.
  5521 | Temple   | Entered the Ecumenical Temple
  5537 | Temple   | Became a worshipper of Warmaster Okawaru
  5679 | D:6      | Reached skill level 3 in Throwing
  5704 | D:6      | Reached skill level 5 in Dodging
  5850 | D:6      | Found a sand-covered staircase.
  5876 | Ossuary  | Entered an ossuary
  6105 | Ossuary  | Reached * piety under Okawaru
  6106 | Ossuary  | Reached skill level 8 in Long Blades
  6111 | Ossuary  | Reached skill level 1 in Invocations
  6280 | D:6      | Reached skill level 1 in Evocations
  6485 | D:6      | Reached skill level 4 in Armour
  6515 | D:6      | Reached XP level 9. HP: 15/69 MP: 9/9
  6873 | D:6      | Found a snail-covered altar of Cheibriados.
  7005 | D:7      | Reached skill level 6 in Fighting
  7027 | D:7      | Noticed Menkaure
  7053 | D:7      | Killed Menkaure
  7258 | D:7      | Noticed Duvessa
  7449 | D:7      | Reached skill level 2 in Invocations
  7475 | D:7      | Reached skill level 6 in Dodging
  7661 | D:6      | Reached skill level 4 in Throwing
  7715 | D:6      | Reached skill level 2 in Evocations
  7766 | D:7      | Noticed Dowan
  7798 | D:7      | Killed Duvessa
  7977 | D:6      | Killed Dowan
  8109 | D:7      | Reached skill level 9 in Long Blades
  8183 | D:7      | Noticed Pikel
  8255 | D:7      | Killed Pikel
  8255 | D:7      | Reached ** piety under Okawaru
  8256 | D:7      | Reached skill level 3 in Invocations
  8736 | D:7      | Reached XP level 10. HP: 69/77 MP: 10/12
  8738 | D:7      | Reached skill level 3 in Evocations
  8848 | D:7      | Noticed Maggie
  8856 | D:7      | Reached skill level 7 in Dodging
  8889 | D:7      | Killed Maggie
  9185 | D:7      | Reached skill level 7 in Fighting
  9444 | D:8      | Found a shadowy altar of Dithmenos.
  9464 | D:8      | Reached skill level 10 in Long Blades
  9464 | D:8      | Reached skill level 5 in Throwing
  9500 | D:8      | Found a broken altar of Ashenzari.
  9951 | D:8      | Found a sacrificial altar of Ru.
 10359 | D:8      | Reached skill level 4 in Invocations
 10772 | D:9      | Reached *** piety under Okawaru
 11170 | D:9      | Reached skill level 5 in Armour
 11635 | D:9      | Reached skill level 4 in Evocations
 11815 | D:9      | Noticed a black mamba
 11824 | D:9      | a black mamba changed into a guardian serpent
 11824 | D:9      | Noticed a guardian serpent (shapeshifter)
 11830 | D:9      | Killed a guardian serpent
 12073 | D:9      | Noticed a harpy
 12076 | D:9      | Killed a harpy
 12076 | D:9      | Noticed a white ugly thing
 12077 | D:9      | Reached skill level 11 in Long Blades
 12077 | D:9      | Reached skill level 8 in Dodging
 12077 | D:9      | Reached XP level 11. HP: 82/85 MP: 11/14
 12080 | D:9      | Noticed a white ugly thing
 12080 | D:9      | HP: 1/85 [white ugly thing (27)]
 12080 | D:9      | Noticed a manticore
 12372 | D:9      | Reached **** piety under Okawaru
 12752 | D:9      | Killed a white ugly thing
 12754 | D:9      | HP: 1/86 [white ugly thing (14)]
 12760 | D:9      | Killed a white ugly thing
 12761 | D:9      | Reached skill level 5 in Invocations
 12765 | D:9      | Killed a manticore
 12930 | D:9      | Noticed a centaur warrior
 12939 | D:9      | Killed a centaur warrior
 12940 | D:9      | Reached skill level 8 in Fighting
 12940 | D:9      | Reached skill level 6 in Throwing
 13026 | D:10     | Entered Level 10 of the Dungeon
 13513 | D:10     | Found a staircase to the Lair.
 13590 | D:10     | Found a shimmering altar of Xom.
 13615 | D:10     | Found a staircase to the Orcish Mines.
 13616 | D:10     | Noticed a two-headed ogre
 13664 | D:10     | Killed a two-headed ogre
 13665 | D:10     | Reached skill level 5 in Evocations
 14242 | D:10     | Found an ancient bone altar of Kikubaaqudgha.
 14424 | D:11     | Noticed a manticore
 14445 | D:11     | Killed a manticore
 14446 | D:11     | Reached skill level 12 in Long Blades
 14447 | D:11     | Found the amulet of Elemental Vulnerability {rPois rF--
                  | rC-- AC+8}
 14471 | D:11     | Reached ***** piety under Okawaru
 14472 | D:11     | Reached skill level 9 in Dodging
 14669 | D:11     | Found Soedwoinn's Antique Armour Emporium.
 14681 | D:11     | Noticed a cyan ugly thing
 14701 | D:11     | Killed a cyan ugly thing
 14894 | D:11     | Bought a pair of runed boots for 247 gold pieces
 15293 | Lair:1   | Entered Level 1 of the Lair of Beasts
 15325 | Lair:1   | Reached XP level 12. HP: 94/94 MP: 16/16
 15344 | Lair:1   | Reached skill level 6 in Invocations
 15565 | Lair:1   | Reached skill level 6 in Armour
 15764 | Lair:1   | Reached skill level 7 in Throwing
 15860 | Lair:1   | Received a gift from Okawaru
 15861 | Lair:1   | Reached skill level 9 in Fighting
 15869 | Lair:1   | Noticed a boulder beetle
 15881 | Lair:1   | Killed a boulder beetle
 16419 | Lair:2   | Noticed a skyshark
 16444 | Lair:1   | Reached skill level 13 in Long Blades
 16444 | Lair:1   | Reached skill level 6 in Evocations
 16701 | Lair:1   | Killed a skyshark
 16857 | Lair:2   | Found a staircase to the Swamp.
 17045 | Lair:2   | Received a gift from Okawaru
 17048 | Lair:2   | Slain by a cane toad

Illustrated notes

Levels and vault maps discovered:
D:1:      saegor_arrival_fortress, layout_basic, solitary_fountain
D:2:      layout_basic, minmay_bisected
D:3:      layout_basic, chequers_ecumenical_altar_island, gup_sewer_entry_glass,
          minmay_misc_feat_columns, chequers_serial_rivers_large_a
D:4:      layout_loops_cross, mainiacjoe_overflow_cross_hatched,
          gammafunk_ghost_abyssal_escape
D:5:      layout_loops_corners, zin_treasury, mainiacjoe_overflow_catch_the_wave
D:6:      layout_loops_ring, slow_altar_2,
          mainiacjoe_ossuary_entry_find_the_door, uniq_blork_the_orc
D:7:      nicolae_whirlpool, layout_basic, minmay_fire_ice_demons, uniq_duvessa,
          uniq_menkaure, uniq_maggie, uniq_pikel
D:8:      layout_basic, mainiacjoe_overflow_24_doors, lemuel_doored_altar,
          nicolae_overflow_crystal_walls, moated_statue,
          minmay_tree_intersection
D:9:      layout_loops_cross, minmay_the_grid_2x2 [minmay_the_grid_plusring,
          minmay_the_grid_spin_star, minmay_the_grid_garden,
          minmay_the_grid_prize_inner_circle]
D:10:     layout_grid_maze, kennysheep_mini_moat, xom_butterflies,
          due_lair_maze_entry_diamond, david_orc_5, kennysheep_cluttered_room
D:11:     layout_basic, serial_shops, shop
Temple:   nicolae_temple_bog_church
Lair:1:   layout_roguey, nicolae_lair_liquid_snakes, grunt_megastairs_2
Lair:2:   layout_gridlike, mainiacjoe_swamp_entry_angry_trees

Skill      XL: |  1  2  3  4  5  6  7  8  9 10 11 12 |
---------------+-------------------------------------+-----
Long Blades    | 3 4 5 6 8 9 11 12 13 | 13.3
Dodging        | 1 2 3 4 5 6 8 9 |  9.9
Fighting       | 4 5 6 7 8 9 |  9.3
Throwing       | 1 2 3 4 5 6 7 |  7.4
Armour         | 3 4 5 6 |  6.3
Invocations    | 1 3 4 5 6 |  6.9
Evocations     | 1 2 4 5 6 |  6.2
Shields        | |  3.0

Action                     |  1- 3 |  4- 6 |  7- 9 | 10-12 || total
---------------------------+-------+-------+-------+-------++-------
  Melee: Long sword        |   116 |   177 |   590 |       ||   883
         Tailslap          |       |    18 |     8 |     3 ||    29
         Dagger            |       |       |    67 |    28 ||    95
         Scimitar          |       |       |    69 |   190 ||   259
         Great sword       |       |       |       |   519 ||   519
  Throw: Dart              |       |       |       |     7 ||     7
 Invoke: Heroism           |       |       |     5 |    15 ||    20
         Finesse           |       |       |       |     1 ||     1
  Evoke: Wand              |       |       |       |    10 ||    10
    Use: Scroll            |     3 |     1 |     9 |     3 ||    16
         Potion            |       |       |     2 |     4 ||     6
   Stab: Paralysed         |       |       |       |     3 ||     3
         Sleeping          |       |       |       |     1 ||     1
         Distracted        |       |       |       |     1 ||     1
 Armour: Scale mail        |    86 |   114 |   100 |       ||   300
         Chain mail        |       |       |   398 |    29 ||   427
         Acid dragon scale |       |       |       |   474 ||   474
  Dodge: Dodged            |    49 |    80 |   316 |   572 ||  1017
  Block: Buckler           |    36 |    43 |   163 |    39 ||   281

Table legend: (Time is in decaauts)
 A = Elapsed time spent in this place.
 B = Non-inter-level travel time spent in this place.
 C = Inter-level travel time spent in this place.
 D = Time resting spent in this place.
 E = Time spent auto-exploring this place.
 F = Levels seen in this place.
 G = Mean time per level.
                   A        B        C        D        E       F      G
               +--------+--------+--------+--------+--------+-----+--------+
         Total |  16939 |  16389 |    550 |   5208 |   6962 |  16 | 1058.7 |
       Dungeon |  14131 |  13589 |    542 |   3996 |   6316 |  11 | 1284.6 |
        Temple |     29 |     21 |      8 |      0 |      0 |   1 |   29.0 |
          Lair |   1763 |   1763 |      0 |    942 |    317 |   2 |  881.5 |
         Sewer |    649 |    649 |      0 |    144 |    238 |   1 |  649.0 |
       Ossuary |    366 |    366 |      0 |    125 |     90 |   1 |  366.0 |
               +--------+--------+--------+--------+--------+-----+--------+

Top non-repeatable levels by time:
     D:9: 2380 daAuts
     D:7: 1787 daAuts
     D:8: 1627 daAuts
  Lair:1: 1568 daAuts
     D:6: 1449 daAuts
     D:5: 1246 daAuts
     D:4: 1049 daAuts
    D:10: 1045 daAuts
     D:3: 971 daAuts
     D:2: 915 daAuts
    D:11: 905 daAuts
     D:1: 752 daAuts
   Sewer: 649 daAuts
 Ossuary: 366 daAuts
  Lair:2: 195 daAuts
